 Dungeon Crawl Stone Soup version 0.27.0-1-g7a089689b8 (webtiles) character file.

Game seed: 4250238982001760329

4 SnakkuSnakku7 the Skirmisher (level 1, -1/24 HPs)
             Began as an Ogre Delver on Aug 6, 2021.
             Slain by a goblin (5 damage)
             ... led by Robin
             ... on level 4 of the Dungeon.
             The game lasted 00:00:33 (210 turns).

SnakkuSnakku7 the Skirmisher (Ogre Delver)           Turns: 210, Time: 00:00:34

Health: -1/24      AC:  3    Str: 15    XL:     1   Next: 60%
Magic:  1/1        EV:  9    Int: 11    God:
Gold:   0          SH:  0    Dex: 10    Spells: 0/0 levels left

rFire    . . .     SeeInvis .   a - +0 mace
rCold    . . .     Faith    .   (no shield)
rNeg     . . .     Spirit   .   b - +0 robe
rPois    .         Reflect  .   (helmet restricted)
rElec    .         Harm     .   (no cloak)
rCorr    .         Rampage  .   (gloves unavailable)
Will     .....                  (boots unavailable)
Stlth    ++........             (no amulet)
HPRegen  0.08/turn              (no ring)
MPRegen  0.07/turn              (no ring)

@: no status effects
A: large, unfitting armour, tough skin 1
a: no special abilities


You were on level 4 of the Dungeon.
You visited 1 branch of the dungeon, and saw 3 of its levels.

Inventory:

Hand Weapons
 a - a +0 mace (weapon)
Armour
 b - a +0 robe (worn)
Wands
 g - a wand of digging (3)
Scrolls
 c - 2 scrolls of fog
 d - a scroll of magic mapping
 e - a scroll of fear
 h - a scroll of teleportation {unknown}
Potions
 f - a potion of haste
 i - 2 potions of heal wounds {unknown}


   Skills:
 - Level 4.0 Fighting
 + Level 2.1 Maces & Flails
 - Level 1.7 Dodging
 - Level 3.7 Stealth


You couldn't memorise any spells.
You didn't know any spells.
Your spell library was empty.

Dungeon Overview and Level Annotations

Branches:
Dungeon (5/15)
 Temple: D:4-7

Altars:

Annotations:
D:3 Robin


Innate Abilities, Weirdness & Mutations

You are too large for most types of armour.
You have tough skin. (AC +1)


Message History

The goblins go into a battle-frenzy!
You climb downwards.
There is a stone staircase leading up here.
Unknown command.
You sock the goblin!
You kill the goblin!
The hobgoblin hits you but does no damage.
The goblin hits you but does no damage.
Unknown command.
You hit the goblin.
The goblin is severely wounded.
The hobgoblin hits you. The goblin completely misses you.
The hobgoblin barely misses you.
Unknown command.
You barely miss the goblin.
The goblin is heavily wounded.
The goblin closely misses you. The hobgoblin hits you.
You are too injured to fight recklessly!
You are too injured to fight recklessly!
You are too injured to fight recklessly!
You are too injured to fight recklessly!
You miss the goblin.
The goblin is heavily wounded.
The goblin hits you with a +0 club. The hobgoblin barely misses you.
Unknown command.
You closely miss the goblin.
The goblin is heavily wounded.
The goblin hits you with a +0 club. The hobgoblin hits you.
The goblin hits you with a +0 club.
* * * LOW HITPOINT WARNING * * *
The hobgoblin misses you.
Unknown command.
You closely miss the goblin.
The goblin is heavily wounded.
The goblin barely misses you.
The hobgoblin hits you but does no damage.
You hit the goblin but do no damage.
The goblin is heavily wounded.
The goblin hits you with a +0 club.
You die...

### ###@#
#.gg#
......g##
.....(.
..###.. .
##. ##


You could see a hobgoblin and 2 goblins.

Vanquished Creatures
  3 goblins (D:4)
3 creatures vanquished.

Notes
Turn   | Place    | Note
-------+----------+-------------------------------------------
     0 | D:5      | SnakkuSnakku7 the Ogre Delver began the quest for the Orb.
     0 | D:5      | Reached XP level 1. HP: 24/24 MP: 1/1
    63 | D:5      | Noticed a water moccasin zombie
   116 | D:4      | Noticed an orc priest
   125 | D:4      | Noticed a lemure
   126 | D:4      | Noticed a lemure
   126 | D:4      | Noticed a lemure
   133 | D:3      | Noticed Robin
   210 | D:4      | Slain by a goblin

Illustrated notes

Levels and vault maps discovered:
D:3:      layout_loops_ring, shapermc_ecumenical_altar_pompeii, uniq_sigmund,
          uniq_jessica, uniq_robin
D:4:      layout_layer_cave, uniq_pikel
D:5:      layout_basic, nicolae_gozag_seed_capital,
          gammafunk_temple_overflow_statue, serial_shops, shop,
          minmay_misc_feat_cross, hangedman_decor_peaks_small, nicolae_sextant

Skill      XL: |  1 |
---------------+----+-----
Maces & Flails | 2 |  2.1
Fighting       | |  4.0
Dodging        | |  1.7
Stealth        | |  3.7

Action                   || total
-------------------------++-------
Melee: Mace              ||    11
Armor: Robe              ||     7
Dodge: Dodged            ||    12
